| TOP OF THE 1ST |
|
St. Cloud Rox batting - Pitching for Sioux Falls Packers : LHP Bob Baldrick
|
|
Pitching: LHP Bob Baldrick
|
|
|
Batting: LHB Doran Perdue
|
0-0: Called Strike 0-1: Foul Ball, location: 2F 0-2: Ball 1-2: Ball 2-2: Ball 3-2: Strikes out swinging
|
|
Batting: RHB Douglas Morganti
|
0-0: Ball 1-0: Ground out 5-3 (Groundball, 5, EV 81.3 MPH)
|
|
Batting: SHB R J Reynolds
|
0-0: SINGLE (Groundball, 56D, EV 108.8 MPH) (infield hit)
|
|
Batting: RHB Bill Worden
|
0-0: Ball 1-0: Called Strike 1-1: Swinging Strike 1-2: Foul Ball, location: 2F 1-2: Ground out U3 (Groundball, 34S, EV 85.0 MPH)
|
| Top of the 1st over - 0 runs, 1 hit, 0 errors, 1 left on base; St. Cloud 0 - Sioux Falls 0 |
| BOTTOM OF THE 1ST |
|
Sioux Falls Packers batting - Pitching for St. Cloud Rox : RHP Bruce Reyna
|
|
Pitching: RHP Bruce Reyna
|
|
|
Batting: RHB Donald Devlin
|
0-0: Foul Ball, location: 2F 0-1: Foul Ball, location: 2F 0-2: Ball 1-2: Ball 2-2: Ball 3-2: Base on Balls
|
|
Batting: RHB Kenneth Clayton
|
0-0: Grounds into double play, 5-4-3 (Groundball, 56, EV 77.5 MPH)
|
|
Batting: LHB Pedro Nunez
|
0-0: Ball 1-0: Ball 2-0: Foul Ball, location: 2F 2-1: Ground out 1-3 (Groundball, P, EV 73.8 MPH)
|
| Bottom of the 1st over - 0 runs, 0 hits, 0 errors, 0 left on base; St. Cloud 0 - Sioux Falls 0 |
| TOP OF THE 2ND |
|
St. Cloud Rox batting - Pitching for Sioux Falls Packers : LHP Bob Baldrick
|
|
Batting: LHB Curtis Morgan
|
0-0: Ball 1-0: Called Strike 1-1: Foul Ball, location: 2F 1-2: Fly out, F8 (Line Drive, 8LM, EV 98.8 MPH)
|
|
Batting: RHB Domingos Maravilhas
|
0-0: Ball 1-0: Ball 2-0: Foul Ball, location: 2F 2-1: Ground out 5-3 (Groundball, 56, EV 106.9 MPH)
|
|
Batting: RHB Dennis Sherrill
|
0-0: Called Strike 0-1: Swinging Strike 0-2: Strikes out looking
|
| Top of the 2nd over - 0 runs, 0 hits, 0 errors, 0 left on base; St. Cloud 0 - Sioux Falls 0 |
| BOTTOM OF THE 2ND |
|
Sioux Falls Packers batting - Pitching for St. Cloud Rox : RHP Bruce Reyna
|
|
Batting: LHB Michael Wishnevski
|
0-0: Foul Ball, location: 2F 0-1: Foul Ball, location: 2F 0-2: Ball 1-2: Fly out, F7 (Flyball, 78D, EV 100.6 MPH)
|
|
Batting: RHB Tracy Cowger
|
0-0: Called Strike 0-1: Ball 1-1: Foul Ball, location: 2F 1-2: Ground out 6-3 (Groundball, 6MD, EV 103.1 MPH)
|
|
Batting: LHB Michael Robbins
|
0-0: Called Strike 0-1: Ball 1-1: Foul Ball, location: 2F 1-2: Ball 2-2: Fly out, F7 (Flyball, 78D, EV 81.9 MPH)
|
| Bottom of the 2nd over - 0 runs, 0 hits, 0 errors, 0 left on base; St. Cloud 0 - Sioux Falls 0 |
| TOP OF THE 3RD |
|
St. Cloud Rox batting - Pitching for Sioux Falls Packers : LHP Bob Baldrick
|
|
Batting: RHB Rich Velasquez
|
0-0: Fly out, F8 (Flyball, 8RS, EV 93.8 MPH)
|
|
Batting: SHB Manny Galvez
|
0-0: Called Strike 0-1: Ball 1-1: Called Strike 1-2: Foul Ball, location: 2F 1-2: SINGLE (Groundball, P, EV 88.8 MPH) (infield hit)
|
|
Batting: LHB Doran Perdue
|
0-0: Called Strike 0-1: Ball 1-1: Fly out, F4 (Line Drive, 4, EV 67.5 MPH)
|
|
Batting: RHB Douglas Morganti
|
0-0: Ball 1-0: Called Strike Manny Galvez steals 2nd base 1-1: Foul Ball, location: 2F 1-2: Foul Ball, location: 2F 1-2: Ball 2-2: Ball 3-2: Foul Ball, location: 2F 3-2: Strikes out swinging
|
| Top of the 3rd over - 0 runs, 1 hit, 0 errors, 1 left on base; St. Cloud 0 - Sioux Falls 0 |
| BOTTOM OF THE 3RD |
|
Sioux Falls Packers batting - Pitching for St. Cloud Rox : RHP Bruce Reyna
|
|
Batting: SHB Dan Hanggie
|
0-0: DOUBLE (Line Drive, 9LS, EV 104.4 MPH)
|
|
Batting: RHB Javier Flores
|
0-0: Ball 1-0: TRIPLE (Flyball, 89XD, EV 102.5 MPH) Dan Hanggie scores
|
|
Batting: RHB Francisco Perez
|
0-0: Ball 1-0: Ball 2-0: Called Strike 2-1: Foul Ball, location: 2F 2-2: Strikes out swinging
|
|
Batting: RHB Donald Devlin
|
0-0: Called Strike 0-1: Swinging Strike 0-2: Strikes out looking
|
|
Batting: RHB Kenneth Clayton
|
0-0: Ball 1-0: Ground out 4-3 (Groundball, 4, EV 83.1 MPH)
|
| Bottom of the 3rd over - 1 run, 2 hits, 0 errors, 1 left on base; St. Cloud 0 - Sioux Falls 1 |
| TOP OF THE 4TH |
|
St. Cloud Rox batting - Pitching for Sioux Falls Packers : LHP Bob Baldrick
|
|
Batting: SHB R J Reynolds
|
0-0: Ball 1-0: Foul Ball, location: 2F 1-1: Ball 2-1: Called Strike 2-2: Strikes out looking
|
|
Batting: RHB Bill Worden
|
0-0: Ball 1-0: Called Strike 1-1: SINGLE (Groundball, 34D, EV 98.1 MPH)
|
|
Batting: LHB Curtis Morgan
|
0-0: Called Strike 0-1: Foul Ball, location: 2F 0-2: Ball 1-2: Foul Ball, location: 2F 1-2: Foul Ball, location: 2F 1-2: Ball 2-2: Ball 3-2: Base on Balls Bill Worden to second
|
|
Batting: RHB Domingos Maravilhas
|
0-0: Ball 1-0: Foul Ball, location: 2F 1-1: Foul Ball, location: 2F 1-2: Foul Ball, location: 2F 1-2: Foul Ball, location: 2F 1-2: SINGLE (Line Drive, 9LS, EV 101.9 MPH) Bill Worden to third Curtis Morgan to second Runner from 3rd tries for Home, SAFE, throw by RF to home
|
|
Batting: RHB Dennis Sherrill
|
0-0: Called Strike 0-1: Reached on error, E7 (Line Drive, 7D, EV 94.4 MPH) Curtis Morgan to third Domingos Maravilhas to second
|
|
Batting: RHB Rich Velasquez
|
0-0: Fly out, F9 (Flyball, 9D, EV 100.0 MPH)
|
|
Batting: SHB Manny Galvez
|
0-0: Ball 1-0: Fly out, F8 (Flyball, 8LD, EV 88.8 MPH)
|
| Top of the 4th over - 1 run, 2 hits, 1 error, 3 left on base; St. Cloud 1 - Sioux Falls 1 |
| BOTTOM OF THE 4TH |
|
Sioux Falls Packers batting - Pitching for St. Cloud Rox : RHP Bruce Reyna
|
|
Batting: LHB Pedro Nunez
|
0-0: Ball 1-0: Ball 2-0: SINGLE (Groundball, 6MD, EV 98.8 MPH)
|
|
Batting: LHB Michael Wishnevski
|
0-0: Ball 1-0: Foul Ball, location: 2F 1-1: Ball 2-1: Foul Ball, location: 2F 2-2: Grounds into double play, 4-6-3 (Groundball, 4, EV 85.0 MPH)
|
|
Batting: RHB Tracy Cowger
|
0-0: Foul Ball, location: 2F 0-1: Fly out, F4 (Flyball, 34D, EV 88.1 MPH)
|
| Bottom of the 4th over - 0 runs, 1 hit, 0 errors, 0 left on base; St. Cloud 1 - Sioux Falls 1 |
| TOP OF THE 5TH |
|
St. Cloud Rox batting - Pitching for Sioux Falls Packers : LHP Bob Baldrick
|
|
Batting: LHB Doran Perdue
|
0-0: Ball 1-0: Called Strike 1-1: Foul Ball, location: 2F 1-2: Ball 2-2: Ground out 4-3 (Groundball, 4, EV 83.8 MPH)
|
|
Batting: RHB Douglas Morganti
|
0-0: Ball 1-0: Ground out 6-3 (Groundball, 6, EV 96.3 MPH)
|
|
Batting: SHB R J Reynolds
|
0-0: Called Strike 0-1: Foul Ball, location: 2F 0-2: Strikes out swinging
|
| Top of the 5th over - 0 runs, 0 hits, 0 errors, 0 left on base; St. Cloud 1 - Sioux Falls 1 |
| BOTTOM OF THE 5TH |
|
Sioux Falls Packers batting - Pitching for St. Cloud Rox : RHP Bruce Reyna
|
|
Batting: LHB Michael Robbins
|
0-0: Called Strike 0-1: Foul Ball, location: 2F 0-2: Ground out 4-3 (Groundball, 4, EV 83.1 MPH)
|
|
Batting: SHB Dan Hanggie
|
0-0: Called Strike 0-1: Ball 1-1: Swinging Strike 1-2: Foul Ball, location: 2F 1-2: Ball 2-2: Foul Ball, location: 2F 2-2: Ball 3-2: Foul Ball, location: 2F 3-2: Fly out, F8 (Flyball, 8RXD, EV 91.9 MPH)
|
|
Batting: RHB Javier Flores
|
0-0: Called Strike 0-1: Foul Ball, location: 2F 0-2: Ball 1-2: Foul Ball, location: 2F 1-2: Fly out, F7 (Flyball, 78S, EV 87.5 MPH)
|
| Bottom of the 5th over - 0 runs, 0 hits, 0 errors, 0 left on base; St. Cloud 1 - Sioux Falls 1 |
| TOP OF THE 6TH |
|
St. Cloud Rox batting - Pitching for Sioux Falls Packers : LHP Bob Baldrick
|
|
Batting: RHB Bill Worden
|
0-0: Ball 1-0: Ball 2-0: Swinging Strike 2-1: Ball 3-1: DOUBLE (Flyball, 8LXD, EV 96.3 MPH)
|
|
Batting: LHB Curtis Morgan
|
0-0: Called Strike 0-1: Called Strike 0-2: Ball 1-2: Ball 2-2: Strikes out swinging
|
|
Batting: RHB Domingos Maravilhas
|
0-0: Ball 1-0: Ball 2-0: Ball Wild Pitch! Bill Worden to third 3-0: Base on Balls
|
|
Batting: RHB Dennis Sherrill
|
0-0: Grounds into double play, 6-4-3 (Groundball, 6, EV 99.4 MPH)
|
| Top of the 6th over - 0 runs, 1 hit, 0 errors, 1 left on base; St. Cloud 1 - Sioux Falls 1 |
| BOTTOM OF THE 6TH |
|
Sioux Falls Packers batting - Pitching for St. Cloud Rox : RHP Bruce Reyna
|
|
Batting: RHB Francisco Perez
|
0-0: Ball 1-0: Ground out 1-3 (Groundball, 23, EV 73.1 MPH)
|
|
Batting: RHB Donald Devlin
|
0-0: Called Strike 0-1: Reached via error on a dropped throw from 2B, E3 (Groundball, 4, EV 91.3 MPH)
|
|
Batting: RHB Kenneth Clayton
|
0-0: Ball 1-0: Fly out, F5 (Popup, 56S, EV 85.6 MPH)
|
|
Batting: LHB Pedro Nunez
|
0-0: Called Strike Donald Devlin is caught stealing 2nd base 2-6
|
| Bottom of the 6th over - 0 runs, 0 hits, 1 error, 0 left on base; St. Cloud 1 - Sioux Falls 1 |
| TOP OF THE 7TH |
|
St. Cloud Rox batting - Pitching for Sioux Falls Packers : LHP Bob Baldrick
|
|
Batting: RHB Rich Velasquez
|
0-0: Foul Ball, location: 2F 0-1: Foul Ball, location: 2F 0-2: Strikes out swinging
|
|
Batting: SHB Manny Galvez
|
0-0: Fly out, F7 (Flyball, 7D, EV 102.5 MPH)
|
|
Batting: LHB Doran Perdue
|
0-0: Ball 1-0: Ball 2-0: Foul Ball, location: 2F 2-1: Fly out, F2 (Popup, 15S, EV 83.1 MPH)
|
| Top of the 7th over - 0 runs, 0 hits, 0 errors, 0 left on base; St. Cloud 1 - Sioux Falls 1 |
| BOTTOM OF THE 7TH |
|
Sioux Falls Packers batting - Pitching for St. Cloud Rox : RHP Bruce Reyna
|
|
Batting: LHB Pedro Nunez
|
0-0: Foul Ball, location: 2F 0-1: Ball 1-1: Fly out, F9 (Flyball, 9D, EV 81.9 MPH)
|
|
Batting: LHB Michael Wishnevski
|
0-0: Ball 1-0: Ball 2-0: Ball 3-0: Base on Balls
|
|
Batting: RHB Tracy Cowger
|
0-0: Called Strike 0-1: Ball 1-1: Ball 2-1: Swinging Strike 2-2: Strikes out looking
|
|
Batting: LHB Michael Robbins
|
0-0: Ball 1-0: Ball 2-0: Foul Ball, location: 2F 2-1: 2-RUN HOME RUN (Flyball, 9D, EV 89.4 MPH), Distance : 362 ft
|
|
Batting: SHB Dan Hanggie
|
0-0: Ball 1-0: Ball 2-0: Ground out 6-3 (Groundball, 4M, EV 85.0 MPH)
|
| Bottom of the 7th over - 2 runs, 1 hit, 0 errors, 0 left on base; St. Cloud 1 - Sioux Falls 3 |
| TOP OF THE 8TH |
|
St. Cloud Rox batting - Pitching for Sioux Falls Packers : LHP Bob Baldrick
|
|
Batting: RHB Douglas Morganti
|
0-0: Ground out 6-3 (Groundball, 6D, EV 83.1 MPH)
|
|
Batting: SHB R J Reynolds
|
0-0: Ball 1-0: Ball 2-0: Ground out 6-3 (Groundball, 6MD, EV 95.6 MPH)
|
|
Batting: RHB Bill Worden
|
0-0: Swinging Strike 0-1: Foul Ball, location: 2F 0-2: Ball 1-2: Ball 2-2: Strikes out looking
|
| Top of the 8th over - 0 runs, 0 hits, 0 errors, 0 left on base; St. Cloud 1 - Sioux Falls 3 |
| BOTTOM OF THE 8TH |
|
Sioux Falls Packers batting - Pitching for St. Cloud Rox : RHP Bruce Reyna
|
|
Pitching: RHP Adrian Meagher
|
|
|
Batting: RHB Javier Flores
|
0-0: Ground out 3-1 (Groundball, 34, EV 100.0 MPH)
|
|
Batting: RHB Francisco Perez
|
0-0: Ball 1-0: Ball 2-0: Ball 3-0: Base on Balls
|
|
Batting: RHB Donald Devlin
|
0-0: Called Strike 0-1: Ball Wild Pitch! Francisco Perez to second 1-1: Intentional Walk
|
|
Batting: RHB Kenneth Clayton
|
0-0: Foul Ball, location: 2F 0-1: Foul Ball, location: 2F 0-2: Ball 1-2: Ball 2-2: Foul Ball, location: 2F 2-2: Ground out 6-3 (Groundball, 6S, EV 69.4 MPH) Francisco Perez to third Donald Devlin to second
|
|
Batting: LHB Pedro Nunez
|
0-0: Called Strike 0-1: Ball 1-1: Fly out, F5 (Popup, 5S, EV 77.5 MPH)
|
| Bottom of the 8th over - 0 runs, 0 hits, 0 errors, 2 left on base; St. Cloud 1 - Sioux Falls 3 |
| TOP OF THE 9TH |
|
St. Cloud Rox batting - Pitching for Sioux Falls Packers : LHP Bob Baldrick
|
|
Pitching: RHP Robert Allen
|
|
|
Batting: LHB Curtis Morgan
|
0-0: Ball 1-0: Ground out 6-3 (Groundball, 6, EV 91.3 MPH)
|
|
Batting: RHB Domingos Maravilhas
|
0-0: Ball 1-0: Swinging Strike 1-1: Foul Ball, location: 2F 1-2: Ball 2-2: Foul Ball, location: 2F 2-2: Ground out 6-3 (Groundball, 6, EV 79.4 MPH)
|
|
Batting: RHB Dennis Sherrill
|
0-0: Ball 1-0: Ball 2-0: Ball 3-0: Foul Ball, location: 2F 3-1: Called Strike 3-2: Foul Ball, location: 2F 3-2: Base on Balls
|
|
Pinch Hitting: LHB Tim Flannery
|
0-0: Called Strike 0-1: Ball 1-1: Swinging Strike 1-2: Foul Ball, location: 2F 1-2: Foul Ball, location: 2F 1-2: SINGLE (Groundball, 4MS, EV 71.3 MPH) (infield hit) Dennis Sherrill to second
|
|
Batting: SHB Manny Galvez
|
0-0: Foul Ball, location: 2F 0-1: Foul Ball, location: 2F 0-2: Fly out, F9 (Line Drive, 9, EV 96.9 MPH)
|
| Top of the 9th over - 0 runs, 1 hit, 0 errors, 2 left on base; St. Cloud 1 - Sioux Falls 3 |
|